 Dungeon Crawl Stone Soup version 0.17.0-23-g0de4337 (console) character file.

60 gw the Charlatan (level 4, -9/26 HPs)
             Began as a Kobold Artificer on Nov 14, 2015.
             Mangled by Sigmund
             ... wielding a +1 scythe of holy wrath
              (12 damage)
             ... on level 2 of the Dungeon.
             The game lasted 00:01:35 (1848 turns).

gw the Charlatan (Kobold Artificer)                 Turns: 1848, Time: 00:01:35

Health: -9/26      AC:  3    Str:  9    XL:     4   Next: 25%
Magic:  6/6        EV: 15    Int: 10    God:
Gold:   40         SH:  0    Dex: 17    Spells: 0 memorised, 3 levels left

rFire  . . .     SeeInvis .     a - +0 short sword
rCold  . . .     Clarity  .     b - +0 leather armour
rNeg   . . .     SustAt   .     (shield restricted)
rPois  .         Gourm    .     (no helmet)
rElec  .         Spirit   .     (no cloak)
rCorr  .         Warding  .     (no gloves)
rMut   .         Stasis   .     (no boots)
MR     +....                    (no amulet)
Stlth  ++........               (no ring)
                                k - ring of protection from magic

@: somewhat resistant to hostile enchantments, unstealthy
A: carnivore 3
a: no special abilities


You were on level 2 of the Dungeon.
You were completely stuffed.

You visited 1 branch of the dungeon, and saw 2 of its levels.

You collected 40 gold pieces.

Inventory:

Hand Weapons
 a - a +0 short sword (weapon)
Missiles
 j - 53 stones (quivered)
 l - 8 poisoned needles
Armour
 b - a +0 leather armour (worn)
Jewellery
 k - a ring of protection from magic (left hand)
Wands
 c - a wand of flame (10)
 d - a wand of enslavement (15)
 e - a wand of random effects (10)
Scrolls
 g - a scroll of random uselessness {unknown}
 i - 4 scrolls of identify
 m - a scroll of fog {unknown}
 n - a scroll of remove curse
 o - a scroll of noise {unknown}
Comestibles
 f - 3 meat rations
 h - a slice of pizza
 p - a chunk of flesh
 q - a beef jerky


   Skills:
 + Level 1.9 Fighting
 * Level 3.3 Short Blades
 + Level 1.0 Throwing
 + Level 3.3 Dodging
 - Level 1.3 Stealth
 - Level 3.6 Evocations


You had 3 spell levels left.
You didn't know any spells.

Dungeon Overview and Level Annotations

Branches:
Dungeon (2/15)

Altars:

Annotations:
D:2 Sigmund


Innate Abilities, Weirdness & Mutations

You are small and have problems with some larger weapons.
You are carnivorous and can eat meat at any time.


Message History

ATTACK MOVE TO (1,0) ATTACK MOVE TO (0,1)
Something closely misses you.
ATTACK MOVE TO (-1,-1) ATTACK MOVE TO (1,1)
Something hits you.
ATTACK MOVE TO (1,-1) ATTACK MOVE TO (-1,1)
You hear some strange, mumbled words.
A puff of flame appears from out of thin air!
The puff of flame hits you!
ATTACK MOVE TO (-1,-1)
You closely miss something. Something hits you but does no damage.
ATTACK MOVE TO (-1,-1)
You closely miss something.
ATTACK MOVE TO (-1,-1)
You hit something. Something hits you.
ATTACK MOVE TO (-1,-1)
You closely miss something. Something hits you!
You die...

.......
######################
#................)....
#.####################
#.##......### ..(...
#...........# (..... #
####......# # (#####
##.#.####{.....#.#####
#
#....?....K...........
.
#......###############
# #....... # #......##
# #......# # #......#
# #......# # #......#
# #


There were no monsters in sight!

Table legend:
 A = Turns spent in this place as a percentage of turns spent in the entire game.
 B = Non-inter-level travel turns spent in this place as a percentage of non-inter-level travel turns spent in the entire game.
 C = Inter-level travel turns spent in this place as a percentage of turns spent in this place.
 D = Turns resting spent in this place as a percentage of non-inter-level travel turns spent in this place.
 E = Turns spent auto-exploring this place as a percentage of non-inter-level travel turns spent in this place.
 F = Non-inter-level travel turns spent in this place divided by the number of levels of this place that you've seen.
                   A       B       C       D       E      F
               +-------+-------+-------+-------+-------+----------------------
         Total | 100.0 | 100.0 |   0.6 |   1.0 |   2.6 | 999.0
       Dungeon | 100.0 | 100.0 |   0.6 |   1.0 |   2.6 | 999.0
               +-------+-------+-------+-------+-------+----------------------

Table legend:
 A = Kills in this place as a percentage of kills in entire the game.
 B = Kills by you in this place as a percentage of kills by you in the entire game.
 C = Kills by friends in this place as a percentage of kills by friends in the entire game.
 D = Other kills in this place as a percentage of other kills in the entire game.
 E = Experience gained in this place as a percentage of experience gained in the entire game.
 F = Experience gained in this place divided by the number of levels of this place that you have seen.
                   A       B       C       D       E      F
               +-------+-------+-------+-------+-------+----------------------
         Total | 100.0 | 100.0 |  -nan |  -nan | 100.0 |  43.5
       Dungeon | 100.0 | 100.0 |  -nan |  -nan | 100.0 |  43.5
               +-------+-------+-------+-------+-------+----------------------

Vanquished Creatures
  Jessica (D:2)
  An adder (D:2)
  A worm (D:2)
  2 giant cockroaches (D:1)
  2 hobgoblins
  4 jackals (D:2)
  3 bats
  5 goblins
  3 kobolds (D:1)
  A rat (D:1)
23 creatures vanquished.

Notes
Turn   | Place    | Note
--------------------------------------------------------------
     0 | D:1      | gw the Kobold Artificer began the quest for the Orb.
     0 | D:1      | Reached XP level 1. HP: 12/12 MP: 3/3
   416 | D:1      | Reached XP level 2. HP: 10/16 MP: 4/4
  1190 | D:2      | Reached XP level 3. HP: 11/20 MP: 5/5
  1589 | D:2      | Noticed Jessica
  1605 | D:2      | Killed Jessica
  1605 | D:2      | Reached skill level 1 in Throwing
  1605 | D:2      | Reached XP level 4. HP: 17/26 MP: 6/6
  1827 | D:2      | Noticed Sigmund
  1848 | D:2      | Mangled by Sigmund

Action                   |  1- 3 |  4- 6 || total
-------------------------+-------+-------++-------
Melee: Short sword       |    52 |    11 ||    63
Throw: Stone             |    35 |    10 ||    45
Evoke: Wand              |     6 |     4 ||    10
  Use: Scroll            |     4 |       ||     4
       Potion            |     2 |       ||     2
 Stab: Sleeping          |     3 |       ||     3
  Eat: Chunk             |    10 |     1 ||    11

Vault maps used:
D:1:      scummos_arrival_hexagon
D:2:      uniq_jessica, uniq_crazy_yiuf_cottage, uniq_sigmund
